 Dungeon Crawl Stone Soup version 0.24.0-125-gc4c63601f3 (webtiles) character file.

Game seed: 12659054572732726544, levelgen mode: deterministic

1423 shadizar the Fighter (level 8, 0/55 HPs)
             Began as a Gargoyle Fighter on Mar 7, 2020.
             Slain by an orc warrior
             ... wielding a +0 flail
              (11 damage)
             ... on level 6 of the Dungeon.
             The game lasted 00:08:32 (4089 turns).

shadizar the Fighter (Gargoyle Fighter)             Turns: 4089, Time: 00:08:32

Health: 0/55       AC: 18    Str: 22    XL:     8   Next: 72%
Magic:  8/8        EV:  6    Int:  9    God:
Gold:   416        SH:  9    Dex:  9    Spells: 7/7 levels left

rFire    . . .     SeeInvis .   z - +0 morningstar
rCold    . . .     Gourm    .   c - +0 shield
rNeg     + . .     Faith    .   D - +0 chain mail
rPois    ∞         Spirit   .   (no helmet)
rElec    +         Reflect  .   a - +0 cloak
rCorr    .         Harm     .   w - +1 pair of gloves {archery}
MR       .....                  (no boots)
Stlth    ..........             (no amulet)
HPRegen  0.18/turn              (no ring)
MPRegen  0.11/turn              (no ring)

@: no status effects
A: negative energy resistance 1, electricity resistance, unbreathing,
petrification resistance, rot immunity, AC +5
a: no special abilities


You were on level 6 of the Dungeon.
You were not hungry.

You visited 1 branch of the dungeon, and saw 6 of its levels.

You collected 416 gold pieces.

Inventory:

Hand Weapons
 z - a +0 morningstar (weapon)
Missiles
 y - 5 silver boomerangs (quivered)
 C - 2 boomerangs
Armour
 a - a +0 cloak (worn)
 c - a +0 shield (worn)
 w - a +1 pair of gloves of archery (worn)
 D - a +0 chain mail (worn)
Jewellery
 p - an uncursed amulet of magic regeneration {unknown}
 F - a cursed ring of attention {unknown}
Wands
 v - a wand of random effects (43)
Scrolls
 b - 2 scrolls of enchant weapon {unknown}
 e - 4 scrolls of enchant armour {unknown}
 g - 2 scrolls of immolation {unknown}
 h - a scroll of remove curse {unknown}
 k - 3 scrolls of teleportation {unknown}
 m - 10 scrolls of identify {unknown}
 q - a scroll of fear {unknown}
 s - a scroll of fog {unknown}
 u - a scroll of amnesia {unknown}
 A - a scroll of blinking {unknown}
 E - a scroll of magic mapping {unknown}
Potions
 d - 3 potions of might
 i - 2 potions of berserk rage {unknown}
 j - a potion of brilliance {unknown}
 l - a potion of degeneration {unknown}
 n - a potion of heal wounds {unknown}
 o - 2 potions of curing {unknown}
 r - 4 potions of flight {unknown}
 t - 2 potions of mutation {unknown}
 x - a potion of haste {unknown}
Comestibles
 f - 15 rations


   Skills:
 + Level 8.5 Fighting
 + Level 6.2 Maces & Flails
 - Level 4.4 Armour
 - Level 2.0 Dodging
 - Level 4.4 Shields


You had 7 spell levels left.
You didn't know any spells.
Your spell library was empty.

Dungeon Overview and Level Annotations

Branches:
Dungeon (6/15)
 Temple: D:4-7

Altars:
Qazlal

Annotations:
D:3 Grinder


Innate Abilities, Weirdness & Mutations

You are resistant to torment.
Your stone body is resilient. (AC +5)
You are immune to poison.
You resist negative energy. (rN+)
You are resistant to electric shocks. (rElec)
You can survive without breathing.
You are immune to petrification.
You are immune to rotting.


Message History

You block the orc's attack.
The orc priest calls upon Beogh to heal the orc warrior.
The orc warrior's wounds heal themselves!
The orc barely misses you.
The orc warrior hits you but does no damage.
You block the orc's attack.
You closely miss the orc warrior.
The orc priest mumbles some strange prayers to Beogh against you.
Beogh smites you! You block the orc's attack.
The orc warrior hits you but does no damage.
The orc hits you but does no damage.
You are too injured to fight recklessly!
You are too injured to fight recklessly!
The orc hits you with a +0 flail.
There is a stone staircase leading up here.
The orc priest calls down the wrath of Beogh upon you.
Beogh smites you!
* * * LOW HITPOINT WARNING * * *
The orc warrior hits you with a +0 flail!
You die...

# #........ #.##
## ##.###.##.
.... .###.## #.
...### ....##
#.# #.... ##.##
#.# .... #.# #.#
#o.# #.# #.#
#oZ# #.# #.#
#oo# #.#
#.######@.# #.#
#.........#
##.###
#.#######.#
.....#
#.#######.#
##.#.#
#.......#..
#.#.#
#.#####.#.#.
#.#.# #.# #.#.#.
#.#.#
#.#####.#.. .
#.#.####.....#.#


You could see an orc warrior, an orc priest, 2 orcs and a bullfrog skeleton.

Vanquished Creatures
  Eustachio (D:4)
  Duvessa (D:5)
  A necrophage (D:6)
  An ogre (D:4)
  A black bear (D:6)
  Dowan (D:5)
  2 scorpions
  3 crimson imps
  A hound (D:4)
  An orc priest (D:4)
  Crazy Yiuf (D:4)
  A centaur skeleton (D:4)
  An iguana (D:4)
  4 orc wizards
  A killer bee zombie (D:6)
  4 worker ants
  A hound skeleton (D:4)
  Robin (D:4)
  3 gnolls (D:4)
  A howler monkey skeleton (D:4)
  9 adders
  2 oozes (D:1)
  An adder zombie (D:5)
  2 worms
  3 dart slugs (D:1)
  5 leopard geckos
  17 orcs
  3 giant cockroaches
  11 goblins
  12 hobgoblins
  7 jackals
  3 quokkas
  3 ball pythons
  A ball python skeleton (D:4)
  4 bats
  7 frilled lizards
  4 kobolds
  A leopard gecko skeleton (D:4)
  5 rats
131 creatures vanquished.

Notes
Turn   | Place    | Note
-------+----------+-------------------------------------------
     0 | D:1      | shadizar the Gargoyle Fighter began the quest for the Orb.
     0 | D:1      | Reached XP level 1. HP: 14/14 MP: 1/1
    53 | D:1      | Reached XP level 2. HP: 18/19 MP: 2/2
   142 | D:1      | Reached XP level 3. HP: 17/23 MP: 3/3
   377 | D:1      | Reached skill level 1 in Dodging
   602 | D:2      | Reached XP level 4. HP: 29/29 MP: 4/4
  1038 | D:3      | Reached XP level 5. HP: 31/33 MP: 5/5
  1102 | D:3      | Reached skill level 4 in Fighting
  1676 | D:4      | Noticed an ogre
  1692 | D:4      | Killed an ogre
  1692 | D:4      | Reached XP level 6. HP: 2/39 MP: 6/6
  1995 | D:4      | Noticed Grinder
  2028 | D:4      | Paralysed by Grinder for 5 turns
  2100 | D:4      | Found a stormy altar of Qazlal.
  2218 | D:4      | Noticed Eustachio
  2311 | D:4      | Killed Eustachio
  2311 | D:4      | Reached skill level 5 in Fighting
  2311 | D:4      | Reached XP level 7. HP: 28/44 MP: 7/7
  2422 | D:4      | Noticed Robin
  2436 | D:4      | Killed Robin
  2600 | D:4      | Reached skill level 6 in Fighting
  3152 | D:4      | Found a runed translucent door.
  3153 | D:4      | Noticed Crazy Yiuf
  3168 | D:4      | Killed Crazy Yiuf
  3232 | D:5      | Entered Level 5 of the Dungeon
  3295 | D:5      | Noticed Duvessa
  3295 | D:5      | Noticed Dowan
  3325 | D:5      | Killed Duvessa
  3325 | D:5      | Reached skill level 7 in Fighting
  3330 | D:5      | Killed Dowan
  3330 | D:5      | Reached skill level 5 in Maces & Flails
  3330 | D:5      | Reached XP level 8. HP: 43/53 MP: 8/8
  3919 | D:6      | Reached skill level 8 in Fighting
  4089 | D:6      | Slain by an orc warrior

Levels and vault maps discovered:
D:1:      minmay_arrival_checkered_box, layout_rooms
D:2:      layout_rooms, first_ration
D:3:      layout_loops_ring, minmay_puff
D:4:      minmay_angry_zag, layout_loops_ring, nicolae_qazlal_general_emergency,
          uniq_grinder, uniq_robin, uniq_crazy_yiuf_cottage, uniq_eustachio
D:5:      layout_rooms, uniq_duvessa
D:6:      layout_loops_ring

Skill      XL: |  1  2  3  4  5  6  7  8 |
---------------+-------------------------+-----
Dodging        | 1 2 |  2.0
Armour         | 4 |  4.4
Shields        | 4 |  4.4
Fighting       | 4 5 7 8 |  8.5
Maces & Flails | 3 5 6 |  6.2

Action                   |  1- 3 |  4- 6 |  7- 9 || total
-------------------------+-------+-------+-------++-------
Melee: Flail             |   114 |   241 |   166 ||   521
       Morningstar       |       |       |   199 ||   199
  Eat: Chunk             |       |     5 |     7 ||    12
Armor: Scale mail        |    83 |   181 |   218 ||   482
       Chain mail        |       |       |    49 ||    49
Dodge: Dodged            |    42 |   116 |   127 ||   285
Block: Shield            |    85 |   157 |   218 ||   460
